 Dungeon Crawl Stone Soup version 0.27-a0-797-g27d10ad80f (webtiles) character file.

Game seed: 6359821122363988220

185 sahdkjhfkaj the Shield-Bearer (level 5, -8/47 HPs)
             Began as a Minotaur Fighter on Mar 27, 2021.
             Succumbed to Edmund's poison
             ... on level 4 of the Dungeon.
             The game lasted 00:00:42 (2829 turns).

sahdkjhfkaj the Shield-Bearer (Minotaur Fighter)    Turns: 2829, Time: 00:00:42

Health: -8/47      AC:  8    Str: 22    XL:     5   Next: 37%
Magic:  4/4        EV: 11    Int:  5    God:
Gold:   133        SH: 14    Dex:  9    Spells: 4/4 levels left

rFire    . . .     SeeInvis .     - Unarmed
rCold    + . .     Faith    .   b - +4 kite shield
rNeg     . . .     Spirit   .   j - +1 scale mail {rC+}
rPois    .         Reflect  .   (helmet restricted)
rElec    .         Harm     .   (no cloak)
rCorr    .         Rampage  .   (no gloves)
Will     .....                  (no boots)
Stlth    ..........             (no amulet)
HPRegen  0.15/turn              l - +4 ring of evasion
MPRegen  0.09/turn              (no ring)

@: lethally poisoned (-8 -> -31)
A: horns 2, retaliatory headbutt
a: no special abilities


You were on level 4 of the Dungeon.
You visited 1 branch of the dungeon, and saw 4 of its levels.

You collected 133 gold pieces.

Inventory:

Armour
 b - a +4 kite shield (worn)
 j - a +1 scale mail of cold resistance (worn)
   (You found it on level 1 of the Dungeon)
Jewellery
 h - a ring of flight
   (You found it on level 2 of the Dungeon)
 l - a +4 ring of evasion (left hand)
   (You found it on level 1 of the Dungeon)
Wands
 m - a wand of iceblast (11)
   (You found it on level 3 of the Dungeon)
Scrolls
 a - a scroll of amnesia {unknown}
 g - a scroll of magic mapping {unknown}
 k - a scroll of identify {unknown}
Potions
 c - 2 potions of heal wounds {unknown}
 d - a potion of might
 e - 2 potions of haste {unknown}
 f - 3 potions of attraction {unknown}
 i - 2 potions of flight {unknown}


   Skills:
 + Level 4.4 Fighting
 + Level 4.5 Armour
 * Level 5.1 Shields
 * Level 4.0 Unarmed Combat


You had 4 spell levels left.
You didn't know any spells.
Your spell library was empty.

Dungeon Overview and Level Annotations

Branches:
Dungeon (4/15)
 Temple: D:4-7

Altars:
Zin

Annotations:
D:4 Edmund


Innate Abilities, Weirdness & Mutations

You have a pair of horns on your head.
You reflexively headbutt those who attack you in melee.


Message History

You are too injured to fight recklessly!
There is a lethal amount of poison in your body!
There is a lethal amount of poison in your body!
There is a lethal amount of poison in your body!
There is a lethal amount of poison in your body!
You are too injured to fight recklessly!
You are too injured to fight recklessly!
You are too injured to fight recklessly!
You are too injured to fight recklessly!
You are too injured to fight recklessly!
You are too injured to fight recklessly!
You are too injured to fight recklessly!
You are too injured to fight recklessly!
You are too injured to fight recklessly!
You are too injured to fight recklessly!
You are too injured to fight recklessly!
You are too injured to fight recklessly!
There is a lethal amount of poison in your body!
There is a lethal amount of poison in your body!
There is a lethal amount of poison in your body!
There is a lethal amount of poison in your body!
You are too injured to fight recklessly!
You are too injured to fight recklessly!
You are too injured to fight recklessly!
You are too injured to fight recklessly!
You are too injured to fight recklessly!
You are too injured to fight recklessly!
You are too injured to fight recklessly!
You are too injured to fight recklessly!
You are too injured to fight recklessly!
You are too injured to fight recklessly!
You are too injured to fight recklessly!
You are too injured to fight recklessly!
There is a lethal amount of poison in your body!
There is a lethal amount of poison in your body!
There is a lethal amount of poison in your body!
There is a lethal amount of poison in your body!
Unknown command.
Okay, then.
You die...

######### #.......#
#.#####.# # #.#<....# #
#...########### #
###.....@.@...# #
#...........# #
###.....[....# #
#.'†.........# #
#.#..........#
##########.#..........#
...........#..........#
############..........#
##..<# . #########


You could see Edmund.

Vanquished Creatures
  A hound (D:3)
  An iguana (D:4)
  5 adders
  2 worms
  An orc (D:3)
  6 ball pythons
  9 bats
  8 endoplasms
  5 giant cockroaches
  10 goblins
  4 hobgoblins
  3 jackals (D:2)
  2 quokkas
  6 frilled lizards
  7 kobolds
  5 rats
75 creatures vanquished.

Notes
Turn   | Place    | Note
-------+----------+-------------------------------------------
     0 | D:1      | sahdkjhfkaj the Minotaur Fighter began the quest for the
                  | Orb.
     0 | D:1      | Reached XP level 1. HP: 19/19 MP: 0/0
   352 | D:1      | Reached XP level 2. HP: 25/27 MP: 1/1
   666 | D:1      | Reached skill level 4 in Shields
   932 | D:1      | You fall into a shaft and drop 1 floor!
  1128 | D:1      | Reached XP level 3. HP: 33/33 MP: 2/2
  1823 | D:2      | Reached XP level 4. HP: 37/40 MP: 3/3
  1874 | D:2      | Found a glowing silver altar of Zin.
  2398 | D:3      | Reached skill level 5 in Shields
  2398 | D:3      | Reached XP level 5. HP: 37/46 MP: 4/4
  2823 | D:4      | Noticed Edmund
  2829 | D:4      | Succumbed to Edmund's poison

Illustrated notes

Levels and vault maps discovered:
D:1:      minmay_arrival_cross, layout_basic, minmay_pentomino_w2
D:2:      layout_rooms, zin_statuary, minmay_pentomino_pile
D:3:      layout_rooms, minmay_surrounded
D:4:      layout_basic, temple_pool_b, uniq_menkaure, uniq_robin, uniq_edmund

Skill      XL: |  1  2  3  4  5 |
---------------+----------------+-----
Shields        | 4 5 |  5.1
Armour         | 4 |  4.5
Unarmed Combat | 3 4 |  4.0
Fighting       | 4 |  4.4

Action                   |  1- 3 |  4- 6 || total
-------------------------+-------+-------++-------
Melee: Unarmed           |   105 |    96 ||   201
       Headbutt          |    14 |    17 ||    31
  Use: Scroll            |     5 |       ||     5
Armor: Scale mail        |    29 |    32 ||    61
Dodge: Dodged            |    25 |    31 ||    56
Block: Kite shield       |    54 |    89 ||   143

Table legend: (Time is in decaauts)
 A = Elapsed time spent in this place.
 B = Non-inter-level travel time spent in this place.
 C = Inter-level travel time spent in this place.
 D = Time resting spent in this place.
 E = Time spent auto-exploring this place.
 F = Levels seen in this place.
 G = Mean time per level.
                   A        B        C        D        E       F      G
               +--------+--------+--------+--------+--------+-----+--------+
         Total |   2860 |   2703 |    157 |      0 |   2243 |   4 |  715.0 |
       Dungeon |   2860 |   2703 |    157 |      0 |   2243 |   4 |  715.0 |
               +--------+--------+--------+--------+--------+-----+--------+

Top non-repeatable levels by time:
     D:1: 1366 daAuts
     D:3: 714 daAuts
     D:2: 689 daAuts
     D:4: 90 daAuts
